cohdb
Replays
Latest Replays
All Replays
Popular Replays
Top Player Replays
Match Explorer
How It Works
Community
CoH3 Stats
Reddit
Sign in to upload your games and track your stats! →
Sign in with Steam
Match 43232122
Unlisted
Match 43232122
Overview
Messages
Build Orders
End
Kettenkrad Recon Vehicle
Construct Infanterie Kompanie
Selects Terror Battlegroup
Selects Machine Gun Camouflage
MG 42 Machine Gun Team
Grenadier Squad
MG 42 Bunker
GrW 34 Mortar Team
Grenadier Squad
Construct Luftwaffe Kompanie
Flak 30 Anti-aircraft Gun Team
Support Elements
Selects Contempt for the Weak
MG 42 Bunker
Medical Bunker
Jäger Squad
Construct Panzer Kompanie
Selects Propaganda Leaflet Drop
Kettenkrad Recon Vehicle
Forward Retreat Point
Wirbelwind Flakpanzer
Propaganda Leaflet Drop
Side Skirts
MG 42 Bunker
Selects V1 Rocket Strike
Selects No Quarter
Repair Bunker
Jäger Squad
Sturmpanzer IV Brummbär
Construct Panzergrenadier Kompanie
Sturmpanzer IV Brummbär
Pioneer Squad
V1 Rocket Strike
Panzergrenadier Squad
Panzergrenadier Squad
Selects King Tiger Heavy Tank
Pioneer Squad
King Tiger Heavy Tank
Panzergrenadier Squad
V1 Rocket Strike
Jäger Squad
MENGYHESRIHATU
Fupped
Michael Bolton
Jd577
Croaker
crazytom
JohnPaulJones
[BBB]AldoRaine
0
0
Comments
sign in to comment!
No comments posted yet!